 Dungeon Crawl Stone Soup version 0.26-a0-501-g57170428f2 (webtiles) character file.

Game seed: 98874284070804643

2002 ANON1729 the Caller (level 9, -8/45 HPs)
             Began as a Kobold Summoner on Aug 7, 2020.
             Was an Elder of Sif Muna.
             Mangled by an orc warrior
             ... wielding a +0 morningstar
              (26 damage)
             ... on level 8 of the Dungeon.
             The game lasted 00:24:52 (13506 turns).

ANON1729 the Caller (Kobold Summoner)              Turns: 13506, Time: 00:24:52

Health: -8/45      AC:  2    Str: 12      XL:     9   Next: 45%
Magic:  11/18      EV: 17    Int: 25      God:    Sif Muna [****..]
Gold:   253        SH:  0    Dex: 13 (15) Spells: 13/20 levels left

rFire    . . .     SeeInvis .   w - +1 dagger (venom)
rCold    . . .     Faith    .   (shield restricted)
rNeg     . . .     Spirit   .   a - +0 robe
rPois    .         Reflect  .   (no helmet)
rElec    .         Harm     .   (no cloak)
rCorr    .                      (no gloves)
MR       .....                  (no boots)
Stlth    ++++......             (no amulet)
HPRegen  0.15/turn              n - +6 ring of intelligence
MPRegen  0.16/turn              c - +6 ring of strength

@: no status effects
A: small, nightstalker 3
a: Channel Magic, Forget Spell, Divine Exegesis, Renounce Religion


You were on level 8 of the Dungeon.
You worshipped Sif Muna.
Sif Muna was greatly pleased with you.
You visited 1 branch of the dungeon, and saw 8 of its levels.

You collected 462 gold pieces.
You spent 209 gold pieces at shops.

Inventory:

Hand Weapons
 g - a +0 vampiric spear
 w - a +1 dagger of venom (weapon)
Armour
 a - a +0 robe (worn)
Jewellery
 b - an uncursed ring of protection from magic {unknown}
 c - a +6 ring of strength (right hand)
 f - a +4 ring of evasion
 h - an uncursed ring of stealth
 n - a +6 ring of intelligence (left hand)
Wands
 r - a wand of flame (17)
 x - a wand of polymorph (9)
Scrolls
 d - a scroll of enchant armour
 i - 2 scrolls of remove curse
 k - a scroll of immolation
 m - 2 scrolls of fog
 o - 4 scrolls of identify
 u - 4 scrolls of teleportation {unknown}
 y - a scroll of amnesia {unknown}
Potions
 e - a potion of mutation {unknown}
 j - 2 potions of stabbing
 l - a potion of cancellation
 p - 2 potions of curing
 q - a potion of ambrosia
 s - a potion of invisibility
 t - 2 potions of brilliance {unknown}
 v - 2 potions of haste
 z - a potion of degeneration {unknown}
 A - a potion of heal wounds
 B - a potion of flight {unknown}


   Skills:
 + Level 5.6 Dodging
 + Level 6.8 Stealth
 * Level 6.3 Spellcasting
 * Level 7.1 Summonings
 * Level 3.3 Necromancy
 + Level 4.2 Invocations


You had 13 spell levels left.
You knew the following spells:

 Your Spells              Type           Power        Failure   Level
a - Summon Small Mammal   Summ           ####         1%          1
b - Call Imp              Summ           #####...     1%          2
c - Call Canine Familiar  Summ           #####...     1%          3
d - Animate Skeleton      Necr           ###...       1%          1

Your spell library contained the following spells:

 Spells                   Type           Power        Failure   Level
 Summon Guardian Golem    Hex/Summ       ####....     4%          3
 Apportation              Tloc           #.....       7%          1
 Beastly Appendage        Tmut           #.....       7%          1
 Corona                   Hex            #......      7%          1
 Foxfire                  Conj/Fire      #...         7%          1
 Wereblood                Tmut           #.......     11%         2
 Summon Ice Beast         Ice/Summ       ####....     16%         4
 Summon Lightning Spire   Summ/Air       ####....     16%         4
 Spider Form              Tmut/Pois      #.........   22%         3
 Cause Fear               Hex            #.........   56%         4
 Ice Form                 Ice/Tmut       #.......     56%         4
 Blade Hands              Tmut           #.........   89%         5
 Dragon Form              Tmut           #.........   100%        7
 Dragon's Call            Summ           #####.....   100%        9


Dungeon Overview and Level Annotations

Branches:
Dungeon (8/15)             Temple (0/1) D:6
   Lair: D:8-11

Altars:
Cheibriados
Sif Muna

Shops:
D:4 [(}?!


Innate Abilities, Weirdness & Mutations

You are small and have problems with some larger weapons.
You are completely attuned to the shadows.


Message History

The orc wizard dies!
Sif Muna accepts your kill.
You can now call upon Sif Muna to cast any spell from your library.
Your crimson imp barely misses the orc warrior.
Your wolf bites the orc warrior but does no damage.
Your crimson imp blinks!
Your wolf bites the orc warrior.
Your wolf misses the orc warrior. You hit the orc warrior.
The orc warrior looks as sick as possible!
The orc warrior is severely wounded.
The orc warrior misses you.
Your wolf bites the orc warrior but does no damage.
Your crimson imp closely misses the orc warrior.
You hit the orc warrior but do no damage.
The orc warrior is almost dead.
Your wolf bites the orc warrior but does no damage.
Your crimson imp hits the orc warrior but does no damage. x2
The orc warrior hits you with a +0 morningstar!!
Ouch! That really hurt!
You die...

###.............
##...............
####...##...........
##(.##..#............
....#..^....(.......
##..................
#...........##......
##......#........##.
##@5##.##...[...##.
####o....###..##..#..
#..h5......#.........
#..)......###.##.....
#))....##.##.........
#....)..........##.(.##
#........##..##.###...#
#.........
##...........
#.........
.#.......#.#.


You could see an orc warrior (extremely poisoned), a friendly wolf (summoned)
and 2 friendly crimson imps.

Vanquished Creatures
  An ice beast (D:6)
  An ogre (D:7)
  A centaur (D:7)
  3 bullfrogs
  3 howler monkeys
  A bullfrog skeleton (D:7)
  2 hounds (D:5)
  5 orc wizards
  A centaur skeleton (D:5)
  An iguana (D:7)
  7 worker ants
  A gnoll (D:3)
  5 adders
  A shadow imp (D:6)
  3 white imps
  An ooze (D:5)
  A worm (D:5)
  4 dart slugs
  4 leopard geckos
  13 orcs
  A ball python (D:4)
  5 giant cockroaches
  3 goblins
  4 hobgoblins
  2 jackals
  5 kobolds
  A quokka (D:4)
  10 bats
  3 frilled lizards
  A quokka skeleton (D:4)
  4 rats
98 creatures vanquished.

Vanquished Creatures (collateral kills)
  A hippogriff (D:7)
  Menkaure (D:6)
  A phantom (D:4)
  A sky beast (D:6)
  3 ogres
  A crocodile (D:6)
  Blork the orc (D:5)
  A wyvern skeleton (D:6)
  3 wights (D:7)
  A quasit (D:7)
  3 centaur skeletons
  A jelly (D:8)
  3 orc priests
  An iguana (D:3)
  3 orc wizards
  3 worker ants
  3 gnolls (D:3)
  2 adders
  An ufetubus (D:5)
  3 worms
  A dart slug (D:3)
  2 leopard geckos
  7 orcs
  A giant cockroach (D:1)
  3 goblins (D:2)
  3 hobgoblins
  5 jackals
  3 kobolds
  A frilled lizard (D:1)
  A giant cockroach zombie (D:5)
  6 rats
70 creatures vanquished.

Grand Total: 168 creatures vanquished

Notes
Turn   | Place    | Note
-------+----------+-------------------------------------------
     0 | D:1      | ANON1729 the Kobold Summoner began the quest for the Orb.
     0 | D:1      | Reached XP level 1. HP: 10/10 MP: 3/3
   780 | D:2      | Found a faded altar of an unknown god.
   816 | D:2      | Became a worshipper of Sif Muna the Loreminder
   816 | D:2      | Reached * piety under Sif Muna
   869 | D:2      | Reached XP level 2. HP: 9/15 MP: 3/5
  1567 | D:1      | Reached XP level 3. HP: 10/19 MP: 4/6
  2102 | D:1      | Reached ** piety under Sif Muna
  2602 | D:1      | Learned a level 2 spell: Call Imp
  2606 | D:1      | Learned a level 3 spell: Call Canine Familiar
  2777 | D:2      | Reached XP level 4. HP: 19/24 MP: 8/8
  3548 | D:3      | Reached skill level 1 in Invocations
  3579 | D:3      | Found a snail-covered altar of Cheibriados.
  3668 | D:3      | Reached XP level 5. HP: 15/28 MP: 9/9
  5054 | D:4      | Found Qobydd's Weapon Shoppe.
  5077 | D:4      | Noticed an ogre
  5178 | D:4      | Killed an ogre
  5178 | D:4      | Reached XP level 6. HP: 26/32 MP: 6/11
  5268 | D:4      | Noticed a phantom
  5296 | D:4      | Reached skill level 5 in Summonings
  5336 | D:4      | Killed a phantom
  5593 | D:4      | Found Heghicui's Antique Armour Emporium.
  5649 | D:4      | Found Enwial's Distillery.
  5657 | D:4      | Bought a potion of ambrosia for 88 gold pieces
  5657 | D:4      | Bought a potion of lignification for 33 gold pieces
  5657 | D:4      | Bought a potion of invisibility for 88 gold pieces
  5896 | D:4      | Found Tuttig's Magic Scroll Boutique.
  6139 | D:4      | Found Laygge's Gadget Emporium.
  6416 | D:5      | Entered Level 5 of the Dungeon
  6432 | D:5      | Noticed Blork the orc
  6454 | D:5      | Killed Blork the orc
  6454 | D:5      | Reached XP level 7. HP: 14/36 MP: 8/13
  6836 | D:5      | Reached skill level 5 in Stealth
  8850 | D:6      | Reached *** piety under Sif Muna
  9150 | D:6      | Found a staircase to the Ecumenical Temple.
  9158 | D:6      | Reached XP level 8. HP: 17/41 MP: 15/15
  9184 | D:6      | Reached skill level 5 in Spellcasting
  9184 | D:6      | Reached skill level 6 in Summonings
  9668 | D:6      | Learned a level 1 spell: Animate Skeleton
 10055 | D:6      | Noticed Menkaure
 10403 | D:6      | Reached skill level 1 in Necromancy
 10444 | D:6      | Killed Menkaure
 10512 | D:6      | Reached skill level 5 in Dodging
 10846 | D:7      | Reached XP level 9. HP: 45/45 MP: 17/17
 11601 | D:7      | Noticed a hippogriff
 11643 | D:7      | Killed a hippogriff
 12128 | D:7      | Reached skill level 7 in Summonings
 12983 | D:8      | Reached **** piety under Sif Muna
 13506 | D:8      | Mangled by an orc warrior

Illustrated notes

Levels and vault maps discovered:
D:1:      saegor_arrival_miasma, layout_rooms, minmay_ruptured
D:2:      layout_loops_cross, chequers_ecumenical_altar_simple_redux,
          kennysheep_generic_room_9
D:3:      layout_loops_cross, kennysheep_slug_shrine
D:4:      layout_gridville, serial_shops, shop, nicolae_shop_window_shopping,
          nicolae_shop_competitors_out_of_business, shop_fountains, shop,
          grunt_decor_cap
D:5:      layout_loops_ring, uniq_blork_the_orc
D:6:      layout_rooms, minmay_temple_entry_statues_fountains, uniq_menkaure
D:7:      layout_loops_ring, kennysheep_generic_room_15
D:8:      layout_cave_pools, ploomutoo_gammafunk_ghost_potion_laboratory,
          minmay_small_thing

Skill      XL: |  1  2  3  4  5  6  7  8  9 |
---------------+----------------------------+-----
Stealth        | 3 4 5 6 |  6.8
Dodging        | 3 4 5 |  5.6
Spellcasting   | 3 4 5 6 |  6.3
Invocations    | 1 2 3 4 |  4.2
Summonings     | 5 6 7 |  7.1
Necromancy     | 2 3 |  3.3

Action                   |  1- 3 |  4- 6 |  7- 9 || total
-------------------------+-------+-------+-------++-------
Melee: Unarmed           |    55 |       |       ||    55
       Dagger            |    85 |   181 |   248 ||   514
 Cast: Summon Small Mamm |    40 |     2 |     4 ||    46
       Call Imp          |       |    15 |    29 ||    44
       Call Canine Famil |       |    11 |    29 ||    40
       Animate Skeleton  |       |       |     1 ||     1
  Use: Scroll            |       |     8 |     2 ||    10
       Potion            |       |       |     4 ||     4
 Stab: Distracted        |     2 |     1 |     1 ||     4
       Sleeping          |     9 |    16 |    22 ||    47
Armor: Robe              |    16 |    12 |    17 ||    45
       Skin              |       |       |    57 ||    57
Dodge: Dodged            |   134 |   160 |   287 ||   581

Table legend: (Time is in decaauts)
 A = Elapsed time spent in this place.
 B = Non-inter-level travel time spent in this place.
 C = Inter-level travel time spent in this place.
 D = Time resting spent in this place.
 E = Time spent auto-exploring this place.
 F = Levels seen in this place.
 G = Mean time per level.
                   A        B        C        D        E       F      G
               +--------+--------+--------+--------+--------+-----+--------+
         Total |  13502 |  13057 |    445 |   7170 |   4016 |   8 | 1687.8 |
       Dungeon |  13502 |  13057 |    445 |   7170 |   4016 |   8 | 1687.8 |
               +--------+--------+--------+--------+--------+-----+--------+

Top non-repeatable levels by time:
     D:5: 2217 daAuts
     D:6: 1997 daAuts
     D:1: 1806 daAuts
     D:7: 1794 daAuts
     D:4: 1784 daAuts
     D:2: 1577 daAuts
     D:3: 1397 daAuts
     D:8: 926 daAuts
